 Dungeon Crawl Stone Soup version 0.30-a0-691-g754fce4c43 (webtiles) character file.

Game seed: 3881783318841334136

361 lessens the Cudgeller (level 6, -6/47 HPs)
             Began as a Demonspawn Delver on Jan 19, 2023.
             Was an Initiate of Okawaru.
             Splashed by a jelly's acid (9 damage)
             ... on level 5 of the Dungeon.
             The game lasted 00:05:14 (4907 turns).

lessens the Cudgeller (Demonspawn Delver)           Turns: 4907, Time: 00:05:15

Health: -6/47      AC:  0    Str: 14    XL:     6   Next: 38%
Magic:  6/6        EV:  7    Int: 12    God:    Okawaru [......]
Gold:   246        SH:  0    Dex: 14    Spells: 5/5 levels left

rFire   . . .      SeeInvis .    t - +1 flail
rCold   . . .      Faith    .    (no shield)
rNeg    . . .      Spirit   .    u - +0 chain mail
rPois   .          Reflect  .    (helmet restricted)
rElec   .          Harm     .    (no cloak)
rCorr   .          Rampage  .    (no gloves)
Will    .....                    (no boots) Stlth
                                 (no amulet)
HPRegen 0.27/turn                (no ring)
MPRegen 0.10/turn                (no ring)

@: corroded
A: antennae 1, (demonic guardian 2), sturdy frame 1
a: Renounce Religion


You were on level 5 of the Dungeon.
You worshipped Okawaru.
Okawaru was noncommittal.
You visited 1 branch of the dungeon, and saw 6 of its levels.

You collected 246 gold pieces.

Inventory:

Hand Weapons
 a - a +0 mace
 t - a +1 flail (weapon)
Missiles
 k - 15 stones (quivered)
 p - 6 javelins
 r - 10 poisoned darts
Armour
 b - a +0 leather armour
 i - a +0 ring mail
 u - a +0 chain mail (worn)
 D - a +1 pair of boots of stealth
Jewellery
 y - a ring of protection from cold
Wands
 g - a wand of digging (3)
 q - a wand of acid (6)
Scrolls
 c - 2 scrolls of fog
 d - 2 scrolls of magic mapping
 e - 2 scrolls of fear
 h - 3 scrolls of teleportation {unknown}
 j - 4 scrolls of immolation {unknown}
 n - 2 scrolls of enchant weapon
 o - 2 scrolls of butterflies {unknown}
 v - 3 scrolls of identify {unknown}
 w - a scroll of silence {unknown}
 A - a scroll of vulnerability {unknown}
Potions
 f - a potion of flight {unknown}
 l - a potion of invisibility {unknown}
 m - a potion of berserk rage {unknown}
 s - 3 potions of brilliance {unknown}
 x - 3 potions of heal wounds {unknown}
 z - a potion of might {unknown}
 B - 2 potions of degeneration {unknown}
 C - a potion of attraction {unknown}


   Skills:
 - Level 3.0 Fighting
 + Level 6.3 Maces & Flails
 - Level 1.7 Dodging
 - Level 4.5 Stealth


You had 5 spell levels left.
You didn't know any spells.
Your spell library contained the following spells:

 Spells                   Type           Power      Damage    Failure   Level
 Hailstorm                Conj/Ice       0%         3d3       100%        3
 Ice Form                 Ice/Tmut       0%         N/A       100%        4
 Simulacrum               Ice/Necr       Unusable   N/A       N/A         6

Dungeon Overview and Level Annotations

Branches:
Dungeon (6/15) Zot: 26908  Temple (0/1) D:5

Altars:
Ashenzari
Kikubaaqudgha
Okawaru

Annotations:
D:6 Prince Ribbit


Innate Abilities, Weirdness & Mutations

You have a pair of small antennae on your head.
((A demonic guardian rushes to your aid.))
Your movements are slightly less encumbered by armour. (ER -2)


Message History

* * * LOW HITPOINT WARNING * * *
There is a stone staircase leading up here.
The jelly barely misses you.
You climb upwards.
There is a stone staircase leading down here.
The jelly attacks as you move away! The jelly hits you but does no damage.
There is an open door here.
The jelly attacks as you move away! The jelly hits you but does no damage.
The jelly attacks as you move away! The jelly closely misses you.
The jelly attacks as you move away! The jelly hits you but does no damage.
The jelly attacks as you move away! The jelly hits you but does no damage.
There is an open door here.
The jelly attacks as you move away! The jelly hits you but does no damage.
The jelly attacks as you move away! The jelly hits you but does no damage.
The jelly attacks as you move away! The jelly hits you but does no damage.
The jelly attacks as you move away! The jelly closely misses you.
The jelly attacks as you move away! The jelly hits you but does no damage.
The jelly attacks as you move away! The jelly hits you but does no damage.
The jelly attacks as you move away! The jelly closely misses you.
The jelly attacks as you move away! The jelly barely misses you.
The jelly attacks as you move away! The jelly hits you. The acid corrodes you!
You are splashed with acid!
* * * LOW HITPOINT WARNING * * *
The jelly attacks as you move away! The jelly hits you.
* * * LOW HITPOINT WARNING * * *
The acid corrodes you!
You are splashed with acid!
* * * LOW HITPOINT WARNING * * *
There is an open door, spattered with blood here.
Okay, then.
Okay, then.
Press: ? - help, v - describe, . - travel
Here: a jelly The floor.
Okay, then.
As you read the scroll labelled DECUKE OTHUDUR, it crumbles to dust.
It is a scroll of enchant weapon.
Your +0 flail glows red for a moment.
The jelly hits you.
* * * LOW HITPOINT WARNING * * *
You are splashed with acid!
You die...

............##...# #.......
............##############.......
#'####...).......##......#.......
.....#......##...#.......#.......
.....#########...#.......#.......
.....#...........'......>#.......
.....#...........#.......'.......
.....#..........J#.......#.......
.....###########@#########.......
+###.............................
...'.....<.......................
...#.............................
...#....................)........
...#.....................†.......
############.#####.....##########
#..# #.....# #############.#
#.....#


You could see a jelly.

Vanquished Creatures
  A scorpion (D:5)
  A hound (D:5)
  An orc priest (D:4)
  A jelly (D:5)
  2 iguanas (D:4)
  7 adders
  A white imp (D:5)
  A dart slug (D:4)
  A worm (D:5)
  13 orcs
  4 bats
  4 endoplasms
  6 giant cockroaches
  5 goblins
  4 hobgoblins
  2 kobolds
  3 quokkas
  9 ball pythons
  4 frilled lizards
  3 rats
73 creatures vanquished.

Vanquished Creatures (collateral kills)
  A kobold (D:3)
1 creature vanquished.

Grand Total: 74 creatures vanquished

Notes
Turn   | Place    | Note
-------+----------+-------------------------------------------
     0 | D:5      | lessens the Demonspawn Delver began the quest for the Orb.
     0 | D:5      | Reached XP level 1. HP: 18/18 MP: 1/1
    21 | D:4      | Reached skill level 2 in Maces & Flails
    22 | D:4      | Noticed an iguana
   198 | D:2      | Gained mutation: You have a pair of small antennae on your
                  | head. [demonic ancestry]
   198 | D:2      | Reached XP level 2. HP: 24/24 MP: 2/2
   479 | D:1      | Reached skill level 3 in Maces & Flails
  1013 | D:1      | Gained mutation: A weak demonic guardian rushes to your
                  | aid. [demonic ancestry]
  1013 | D:1      | Reached XP level 3. HP: 28/29 MP: 3/3
  1530 | D:2      | Found a broken altar of Ashenzari.
  1741 | D:2      | Gained mutation: A demonic guardian rushes to your aid.
                  | [demonic ancestry]
  1741 | D:2      | Reached XP level 4. HP: 35/35 MP: 4/4
  1787 | D:3      | Reached skill level 4 in Maces & Flails
  3188 | D:4      | Found an iron altar of Okawaru.
  3407 | D:4      | Became a worshipper of Warmaster Okawaru
  3485 | D:4      | Reached skill level 5 in Maces & Flails
  3485 | D:4      | Reached XP level 5. HP: 24/41 MP: 5/5
  4155 | D:5      | Found a staircase to the Ecumenical Temple.
  4354 | D:5      | Gained mutation: Your movements are slightly less
                  | encumbered by armour. (ER -2) [demonic ancestry]
  4354 | D:5      | Reached XP level 6. HP: 47/47 MP: 6/6
  4416 | D:5      | Reached skill level 6 in Maces & Flails
  4749 | D:5      | Found an ancient bone altar of Kikubaaqudgha.
  4846 | D:6      | Noticed Prince Ribbit
  4907 | D:5      | Splashed by a jelly's acid

Illustrated notes

Levels and vault maps discovered:
D:1:      sevenhm_arrival_forest_fort_large_2, layout_basic
D:2:      layout_loops_ring, basic_altar
D:3:      layout_basic
D:4:      layout_rooms, mainiacjoe_overflow_24_doors, serial_corexii_hall,
          chequers_hall_statues_wall_a, corexii_hall_statues_deadend,
          hangedman_decor_push, kennysheep_another_room,
          hangedman_abyss_or_decor_stagger
D:5:      layout_gridville, gammafunk_temple_overflow_wave, temple_hall,
          dk_vineyard_1
D:6:      layout_cave_pods, nicolae_overflow_squiral, serial_shops,
          nicolae_shop_stone, uniq_prince_ribbit1, uniq_maggie

Skill      XL: |  1  2  3  4  5  6 |
---------------+-------------------+-----
Maces & Flails | 2 3 5 6 |  6.3
Fighting       | |  3.0
Dodging        | |  1.7
Stealth        | |  4.5

Action                   |  1- 3 |  4- 6 || total
-------------------------+-------+-------++-------
Melee: Mace              |   112 |    21 ||   133
       Punch             |     1 |     1 ||     2
       Flail             |       |   132 ||   132
Throw: Stone             |       |     6 ||     6
Evoke: Wand              |       |     1 ||     1
  Use: Potion            |       |     1 ||     1
       Scroll            |       |     1 ||     1
 Stab: Sleeping          |     6 |     2 ||     8
Armor: Leather armour    |     4 |       ||     4
       Ring mail         |    42 |    37 ||    79
       Chain mail        |       |    22 ||    22
Dodge: Dodged            |    84 |    97 ||   181

Table legend: (Time is in decaauts)
 A = Elapsed time spent in this place.
 B = Non-inter-level travel time spent in this place.
 C = Inter-level travel time spent in this place.
 D = Time resting spent in this place.
 E = Time spent auto-exploring this place.
 F = Levels seen in this place.
 G = Mean time per level.
                   A        B        C        D        E       F      G
               +--------+--------+--------+--------+--------+-----+--------+
         Total |   4940 |   4786 |    154 |      0 |   3926 |   6 |  823.3 |
       Dungeon |   4940 |   4786 |    154 |      0 |   3926 |   6 |  823.3 |
               +--------+--------+--------+--------+--------+-----+--------+

Top non-repeatable levels by time:
     D:5: 1151 daAuts
     D:4: 1127 daAuts
     D:3: 920 daAuts
     D:1: 910 daAuts
     D:2: 785 daAuts
     D:6: 45 daAuts
